 Dungeon Crawl Stone Soup version 0.32-a0-640-gc5db3fc80f (webtiles) character file.

Game seed: 2155176541116892540

33754 Armakuni the Basher (level 13, 0/109 HPs)
             Began as a Human Artificer on Mar 7, 2024.
             Was a Priest of Beogh.
             Slain by a seven-headed hydra (10 damage)
             ... on level 5 of the Lair of Beasts.
             The game lasted 00:43:19 (18159 turns).

Armakuni the Basher (Human Artificer)              Turns: 18159, Time: 00:43:20

Health: 0/109      AC: 13    Str: 17    XL:     13   Next: 73%
Magic:  20/20      EV: 10    Int: 12    God:    Beogh [***...]
Gold:   597        SH:  0    Dex: 14    Spells: 12/12 levels left

rFire   . . .        a - +6 dire flail (heavy)
rCold   + + .        (shield currently unavailable)
rNeg    . . .        v - +2 scale mail {rC+}
rPois   .            i - +0 helmet
rElec   .            f - scarf {repulsion}
rCorr   +            P - +2 pair of gloves {hurl}
SInv    .            (no boots)
Will    .....        A - amulet of the acrobat Stlth
                     K - ring of resist corrosion
HPRegen 0.38/turn    J - ring of protection from cold
MPRegen 0.17/turn

%: repel missiles, acrobat
@: about to teleport
A: explore regen
a: Renounce Religion, Smiting


You were on level 5 of the Lair of Beasts.
You worshipped Beogh.
Beogh was most pleased with you.
You visited 3 branches of the dungeon, and saw 19 of its levels.

You collected 897 gold pieces.
You spent 300 gold pieces at shops.

Inventory:

Hand Weapons
 a - a +6 heavy dire flail (weapon)
 b - a +1 demon whip of venom
 j - the +9 rapier "Hyzoast" {heavy, rPois MP-9 Int+5 Dex+3}
   (You found it on level 3 of the Dungeon)

   Int+5:     It affects your intelligence (+5).
   Dex+3:     It affects your dexterity (+3).
   rPois:     It protects you from poison.
   MP-9:      It affects your magic capacity (-9).
Missiles
 n - a curare-tipped dart
 N - 6 javelins
Armour
 f - a scarf of repulsion (worn)
 i - a +0 helmet (worn)
 v - a +2 scale mail of cold resistance (worn)
 z - an orb of wrath
 P - a +2 pair of gloves of hurling (worn)
Jewellery
 A - an amulet of the acrobat (around neck)
 F - a ring of fire
 J - a ring of protection from cold (right hand)
 K - a ring of resist corrosion (left hand)
 L - a ring of fire
Wands
 c - a wand of charming (7)
 h - a wand of acid (6)
 k - a wand of flame (17)
 r - a wand of roots (17) (quivered)
Scrolls
 d - a scroll of immolation
 o - 5 scrolls of vulnerability
 s - 3 scrolls of fog
 t - 2 scrolls of revelation
 x - a scroll of enchant armour
 B - a scroll of identify
 C - 5 scrolls of noise
Potions
 e - a potion of berserk rage {unknown}
 g - 2 potions of ambrosia
 l - 4 potions of lignification
 m - 2 potions of brilliance
 p - a potion of curing
 u - a potion of magic {unknown}
 w - a potion of mutation {unknown}
 E - a potion of enlightenment {unknown}
 G - a potion of degeneration {unknown}
 H - 2 potions of cancellation {unknown}
 I - a potion of attraction {unknown}
 O - a potion of might


   Skills:
 - Level 12.9 Fighting
 - Level 3.7 Short Blades
 - Level 14.0 Maces & Flails
 + Level 0.9 Throwing
 - Level 5.0 Armour
 - Level 2.5 Dodging
 - Level 1.0 Stealth
 - Level 10.0 Invocations
 - Level 8.1 Evocations


You had 12 spell levels left.
You didn't know any spells.
Your spell library contained the following spells:

 Spells                   Type           Power      Damage    Failure   Level
 Slow                     Hex            0%         N/A       71%         1
 Sting                    Conj/Alch      0%         1d3       71%         1
 Call Imp                 Summ           0%         N/A       83%         2
 Jinxbite                 Hex            0%         N/A       83%         2
 Mercury Vapours          Alch/Air       0%         N/A       83%         2
 Static Discharge         Conj/Air       0%         3-3/arc   83%         2
 Sublimation of Blood     Necr           0%         N/A       83%         2
 Call Canine Familiar     Summ           0%         N/A       97%         3
 Confusing Touch          Hex            0%         N/A       97%         3
 Inner Flame              Hex/Fire       0%         N/A       97%         3
 Sigil of Binding         Hex            0%         N/A       97%         3
 Tukima's Dance           Hex            0%         N/A       97%         3
 Vampiric Draining        Necr           0%         2d6       97%         3
 Volatile Blastmotes      Fire/Tloc      0%         2d10      97%         3
 Airstrike                Air            0%         2d(0-16)  100%        4
 Animate Armour           Summ/Erth      0%         N/A       100%        4
 Dimensional Bullseye     Hex/Tloc       0%         N/A       100%        4
 Flame Wave               Conj/Fire      0%         2d4       100%        4
 Fulminant Prism          Conj/Alch      0%         3d5       100%        4
 Iskenderun's Mystic Bla  Conj/Tloc      0%         2d3       100%        4
 Manifold Assault         Tloc           0%         N/A       100%        4
 Olgreb's Toxic Radiance  Alch           0%         N/A       100%        4
 Passage of Golubria      Tloc           0%         N/A       100%        4
 Sticky Flame             Fire/Alch      0%         2d4       100%        4
 Summon Lightning Spire   Summ/Air       0%         N/A       100%        4
 Lee's Rapid Deconstruct  Erth           0%         3d4*      100%        5
 Yara's Violent Unravell  Hex/Alch       0%         3d3       100%        5
 Dispersal                Tloc           0%         N/A       100%        6
 Enfeeble                 Hex            0%         N/A       100%        7
 Malign Gateway           Summ/Tloc      0%         N/A       100%        7
 Summon Hydra             Summ           0%         N/A       100%        7
 Disjunction              Tloc           0%         N/A       100%        8
 Summon Horrible Things   Summ           0%         N/A       100%        8


Dungeon Overview and Level Annotations

Branches:
Dungeon (13/15)            Temple (1/1) D:7            Lair (5/5) D:10
 Shoals (0/4) Lair:2        Snake (0/4) Lair:3        Slime (0/5) Lair:4
    Orc (0/2) D:11         Vaults (0/5) D:13

Altars:
Cheibriados
Dithmenos
Elyvilon
Fedhas
Gozag
Hepliaklqana
Kikubaaqudgha
Makhleb
Nemelex Xobeh
Okawaru
Qazlal
Ru
Sif Muna
Trog
Uskayaw
Vehumet
Wu Jian
Xom
Yredelemnul
Zin
The Shining One

Shops:
D:4 (   D:10 **

Annotations:
D:12 Frances
D:13 Lodul
Lair:4 3 runed translucent doors, Nico3ck's ghost, adept FoFi


Innate Abilities, Weirdness & Mutations

Your facial features look somewhat orcish.
You regain HP and MP as you explore.


Message History

The acid corrodes the seven-headed hydra!
The seven-headed hydra is severely wounded.
The ice encasing you melts away. The seven-headed hydra bites you.
The seven-headed hydra closely misses you.
The seven-headed hydra bites you.
The seven-headed hydra completely misses you.
The seven-headed hydra bites you but does no damage.
The seven-headed hydra closely misses you.
The seven-headed hydra barely misses you.
Aiming: Fastroot
Press: ? - help, Shift-Dir - straight line The roots erupt in riotous growth!
Roots grab the plant.
The grasping roots constrict the plant!
The plant begins to die.
You hear a croak.
The seven-headed hydra closely misses you.
The seven-headed hydra bites you. x2
The seven-headed hydra bites you but does no damage. x2
The seven-headed hydra bites you!
* * * LOW HITPOINT WARNING * * *
The seven-headed hydra bites you!
* * * LOW HITPOINT WARNING * * *
You feel much better.
The grasping roots constrict the plant!
The seven-headed hydra bites you but does no damage.
The seven-headed hydra closely misses you.
The seven-headed hydra bites you. The seven-headed hydra bites you!
* * * LOW HITPOINT WARNING * * *
The seven-headed hydra bites you but does no damage.
The seven-headed hydra barely misses you.
The seven-headed hydra bites you!
* * * LOW HITPOINT WARNING * * *
As you read the scroll of teleportation, it crumbles to dust.
You feel strangely unstable.
The grasping roots constrict the plant!
The seven-headed hydra closely misses you.
The seven-headed hydra bites you!
* * * LOW HITPOINT WARNING * * *
The seven-headed hydra bites you but does no damage.
The seven-headed hydra bites you!
You die...

##..# #....
#...# ...# .##
#... .. ##..##
..## #.[..# ...
#P.@## ..#
#.D†P##..#
#..#..PP...###.
##.............
###...........
#........)..
#............
#....P..P#.##.
.....
###..#######
.....


You could see a seven-headed hydra (corroded).

Vanquished Creatures
  Nessos (D:12)
  A hydra (Lair:2)
  Harold (D:9)
  2 boulder beetles (D:11)
  A two-headed ogre (D:10)
  3 death yaks
  Urug (Lair:4)
  Sonja (Lair:4)
  A skyshark (Lair:4)
  Amaemon (Lair:1)
  Pikel (D:9)
  A deep elf pyromancer (D:12)
  2 manticores
  Maurice (D:9)
  3 elephants (Lair:3)
  Joseph (D:9)
  3 black mambas
  An orange demon (Lair:1)
  A gargoyle (D:11)
  12 cane toads
  A torpor snail (Lair:3)
  4 komodo dragons
  2 rime drakes
  Psyche (D:12)
  A troll (D:11)
  A wind drake (Lair:2)
  7 blink frogs
  36 yaks
  2 shadows (D:11)
  3 wyverns
  3 wraiths
  3 basilisks
  2 steam dragons
  Edmund (D:6)
  3 nagas (Lair:3)
  5 water moccasins
  2 acid dragons
  Duvessa (D:6)
  5 orc warriors
  8 black bears
  2 sky beasts (D:6)
  2 phantoms (D:6)
  2 centaurs
  11 bullfrogs
  Blork the orc (D:4)
  5 scorpions
  A gnoll sergeant (D:11)
  5 wights
  Dowan (D:6)
  7 killer bees (D:9)
  4 howler monkeys
  2 electric eels (Lair:4)
  2 bombardier beetles
  4 orc priests
  A hound (D:6)
  9 jellies
  6 iguanas
  Ijyb (D:4)
  10 orc wizards
  4 gnolls (D:11)
  5 adders
  3 ufetubi (D:5)
  21 orcs
  9 endoplasms
  3 giant cockroaches
  6 goblins
  11 hobgoblins
  3 jackals (D:1)
  7 kobolds
  6 ball pythons
  11 bats
  5 frilled lizards
  5 rats
305 creatures vanquished.

Vanquished Creatures (collateral kills)
  2 blink frogs
  5 yaks
  2 wights (D:7)
  3 jellies (Lair:4)
12 creatures vanquished.

Vanquished Creatures (others)
  A troll (D:9)
  4 yaks
  2 orcs (D:9)
7 creatures vanquished.

Grand Total: 324 creatures vanquished

Notes
Turn   | Place    | Note
-------+----------+-------------------------------------------
     0 | D:1      | Armakuni the Human Artificer began the quest for the Orb.
     0 | D:1      | Reached XP level 1. HP: 15/15 MP: 1/1
   333 | D:1      | Reached XP level 2. HP: 21/21 MP: 2/2
   603 | D:1      | Reached XP level 3. HP: 26/26 MP: 3/3
  1411 | D:2      | Reached XP level 4. HP: 32/32 MP: 4/4
  1432 | D:2      | Reached skill level 5 in Evocations
  2038 | D:3      | Found a shimmering altar of Xom.
  2483 | D:3      | Identified the +9 rapier "Hyzoast" {heavy, rPois MP-9 Int+5
                  | Dex+3}
  2623 | D:4      | Noticed a scorpion
  2627 | D:4      | Killed a scorpion
  2628 | D:4      | Reached XP level 5. HP: 31/38 MP: 0/5
  2695 | D:4      | Noticed Blork the orc
  2700 | D:4      | Killed Blork the orc
  2701 | D:4      | Reached XP level 6. HP: 44/44 MP: 0/6
  2729 | D:4      | Reached skill level 1 in Maces & Flails
  2938 | D:4      | Noticed Ijyb
  2948 | D:4      | Killed Ijyb
  2950 | D:4      | Reached skill level 2 in Maces & Flails
  3032 | D:4      | Noticed a steam dragon
  3039 | D:4      | Killed a steam dragon
  3040 | D:4      | Reached XP level 7. HP: 50/50 MP: 0/7
  3049 | D:4      | Found Addaymn's Weapon Shop.
  3190 | D:4      | Reached skill level 3 in Maces & Flails
  3290 | D:5      | Entered Level 5 of the Dungeon
  3467 | D:5      | Found a radiant altar of Vehumet.
  4244 | D:6      | Noticed a yak
  4244 | D:6      | Noticed a yak
  4244 | D:6      | Noticed a yak
  4245 | D:6      | Noticed a yak
  4246 | D:6      | Noticed a yak
  4260 | D:6      | Reached skill level 4 in Maces & Flails
  4270 | D:6      | Killed a yak
  4271 | D:6      | Reached XP level 8. HP: 31/56 MP: 0/8
  4273 | D:6      | Killed a yak
  4274 | D:6      | Reached skill level 5 in Maces & Flails
  4290 | D:6      | Killed a yak
  4593 | D:6      | Reached skill level 6 in Maces & Flails
  4778 | D:6      | Noticed Edmund
  4887 | D:6      | Noticed Duvessa
  4887 | D:6      | Noticed Dowan
  4899 | D:6      | Killed Dowan
  4900 | D:6      | Killed Duvessa
  5009 | D:6      | Reached XP level 9. HP: 61/61 MP: 9/9
  5060 | D:6      | Killed Edmund
  5328 | D:7      | Reached skill level 7 in Maces & Flails
  5838 | D:7      | Reached skill level 8 in Maces & Flails
  6091 | D:7      | Found a staircase to the Ecumenical Temple.
  6208 | Temple   | Entered the Ecumenical Temple
  6571 | D:8      | Reached skill level 9 in Maces & Flails
  7446 | D:9      | Noticed a troll
  7446 | D:9      | Noticed Maurice
  7449 | D:9      | Noticed Joseph
  7456 | D:9      | Killed Maurice
  7457 | D:9      | Reached skill level 10 in Maces & Flails
  7457 | D:9      | Reached XP level 10. HP: 27/67 MP: 10/10
  7459 | D:9      | Noticed Harold
  7642 | D:9      | Killed Harold
  7642 | D:9      | Killed Joseph
  7643 | D:9      | Reached skill level 11 in Maces & Flails
  7895 | D:9      | Reached skill level 12 in Maces & Flails
  8098 | D:9      | Noticed Pikel
  8106 | D:9      | Killed Pikel
  8117 | D:9      | Became a worshipper of Beogh the Shepherd
  8453 | D:9      | Found a burning altar of Makhleb.
  8646 | D:9      | Reached skill level 13 in Maces & Flails
  8663 | D:9      | Reached XP level 11. HP: 42/72 MP: 11/11
  8814 | D:10     | Entered Level 10 of the Dungeon
  8814 | D:10     | Found an opulent altar of Gozag.
  8814 | D:10     | Found Gozag's Platinum Reserve.
  9082 | D:10     | Reached skill level 14 in Maces & Flails
  9120 | D:10     | Found a staircase to the Lair.
  9301 | D:10     | Reached * piety under Beogh
  9468 | D:10     | Noticed a two-headed ogre
  9488 | D:10     | Killed a two-headed ogre
  9489 | D:10     | Reached skill level 5 in Fighting
  9500 | D:10     | Found Faheih's Assorted Antiques.
  9510 | D:10     | Bought a scroll of teleportation for 66 gold pieces
  9510 | D:10     | Bought a scroll of fear for 88 gold pieces
  9510 | D:10     | Bought a red potion for 19 gold pieces
  9510 | D:10     | Bought 2 yellow potions for 39 gold pieces
  9527 | D:10     | Bought a scroll of poison for 88 gold pieces
 10063 | D:11     | Noticed a boulder beetle
 10071 | D:11     | Killed a boulder beetle
 10627 | D:11     | Found a staircase to the Orcish Mines.
 10698 | D:11     | Noticed a boulder beetle
 10731 | D:11     | Killed a boulder beetle
 11072 | D:11     | Noticed a manticore
 11092 | D:11     | Killed a manticore
 11093 | D:11     | Reached XP level 12. HP: 92/94 MP: 12/12
 11144 | D:11     | Noticed an angel
 11145 | D:11     | Found a glowing silver altar of Zin.
 11317 | D:12     | Noticed Psyche
 11324 | D:12     | Killed Psyche
 11420 | D:12     | Noticed Nessos
 11434 | D:12     | Noticed a boulder beetle
 11446 | D:12     | Noticed Frances
 11463 | D:12     | Killed Nessos
 11683 | D:12     | Reached skill level 10 in Fighting
 11867 | D:13     | Noticed Lodul
 11867 | D:13     | Noticed a centaur warrior
 11867 | D:13     | Noticed a fire dragon
 11867 | D:13     | Found a gate to the Vaults.
 11981 | Lair:1   | Entered Level 1 of the Lair of Beasts
 12570 | Lair:1   | Noticed Amaemon
 12580 | Lair:1   | Killed Amaemon
 12635 | Lair:1   | Reached skill level 5 in Armour
 13426 | Lair:2   | Noticed a five-headed hydra
 13432 | Lair:2   | Killed a five-headed hydra
 13623 | Lair:2   | Found a staircase to the Shoals.
 13753 | Lair:2   | Reached ** piety under Beogh
 14338 | Lair:2   | Reached skill level 1 in Invocations
 14970 | Lair:2   | Identified a scroll of acquirement
 14970 | Lair:2   | Acquired a scarf of repulsion
 15291 | Lair:3   | Found a staircase to the Snake Pit.
 15416 | Lair:3   | Reached skill level 5 in Invocations
 15416 | Lair:3   | Reached XP level 13. HP: 101/107 MP: 16/16
 16266 | Lair:4   | Noticed Sonja
 16271 | Lair:4   | Killed Sonja
 16277 | Lair:4   | Reached *** piety under Beogh
 16277 | Lair:4   | Noticed Urug
 16284 | Lair:4   | Killed Urug
 16305 | Lair:4   | Identified the +8 ring mail "Ybbuyruh" {Regen+ MP+9}
 16320 | Lair:4   | Anointed Bogric the priest as your apostle
 16567 | Lair:4   | Found a runed translucent gate.
 16567 | Lair:4   | Found a runed translucent gate.
 16569 | Lair:4   | Found a runed translucent gate.
 16580 | Lair:4   | Noticed Nico3ck's ghost (adept FoFi)
 16624 | Lair:4   | Reached skill level 10 in Invocations
 17354 | Lair:4   | Found a staircase to the Slime Pits.
 18142 | Lair:5   | Entered Level 5 of the Lair of Beasts
 18159 | Lair:5   | Slain by a seven-headed hydra

Illustrated notes

Levels and vault maps discovered:
D:1:      nicolae_arrival_somewhat_less_tricky_arrival, layout_loops_ring
D:2:      layout_basic, hangedman_decor_clover_reticule,
          minmay_misc_feat_columns
D:3:      layout_basic, mainiacjoe_overflow_chevrons, grunt_ministairs_1,
          minmay_misc_feat_iff, minmay_misc_feat_square
D:4:      layout_rooms, serial_shops, shop, hangedman_decor_peaks_small,
          uniq_ijyb, uniq_blork_the_orc
D:5:      layout_loops_ring, mainiacjoe_overflow_alcove_4
D:6:      layout_rooms, minmay_fractal_squares_gapless_5, uniq_duvessa,
          uniq_edmund
D:7:      layout_gridville, minmay_temple_entry_poolview, enter_bailey_2
D:8:      layout_loops_cross
D:9:      layout_loops_ring, nicolae_overflow_hidden_temple, uniq_harold,
          uniq_joseph, uniq_maurice, uniq_pikel
D:10:     layout_rooms, nicolae_gozag_zags_fifth_avenue,
          minmay_lair_entry_grove, serial_shops, nicolae_shop_stone,
          nicolae_eternal_life
D:11:     layout_grid_maze, orc_0_dummy, zin_angel
D:12:     layout_basic, uniq_nessos, uniq_frances, uniq_psyche
D:13:     layout_grid_maze, david_vaults_3, gauntlet_entry_generic
Temple:   nicolae_temple_bog_church
Lair:1:   layout_long_grid, uniq_amaemon
Lair:2:   layout_layer_cave, minmay_shoals_entry_beasts,
          chequers_serial_rivers_room_b, infiniplex_staircase_pool_2
Lair:3:   layout_regular_city, guppyfry_snake_entry_garden, beast_lair_carwin_1
Lair:4:   layout_gridlike, nicolae_slime_entry_slimehenge,
          ebering_ghost_rock_garden, infiniplex_staircase_pool, uniq_urug,
          uniq_sonja
Lair:5:   evil_forest, layout_regular_city, serial_bayou_shore_a

Skill      XL: |  1  2  3  4  5  6  7  8  9 10 11 12 13 |
---------------+----------------------------------------+-----
Evocations     | 4 5 6 8 |  8.1
Fighting       | 2 8 11 12 | 12.9
Short Blades   | 2 3 |  3.7
Maces & Flails | 2 4 6 10 13 14 | 14.0
Dodging        | 2 |  2.5
Armour         | 3 5 |  5.0
Invocations    | 5 10 | 10.0
Throwing       | |  0.9
Stealth        | |  1.0

Action                     |  1- 3 |  4- 6 |  7- 9 | 10-12 | 13-15 || total
---------------------------+-------+-------+-------+-------+-------++-------
  Melee: Club              |    18 |       |       |       |       ||    18
         Short sword       |    81 |    56 |       |       |       ||   137
         Rapier            |       |    30 |    42 |       |       ||    72
         Dire flail        |       |       |   129 |   387 |   103 ||   619
         Demon whip        |       |       |       |    20 |    43 ||    63
  Throw: Throwing net      |       |       |       |     7 |       ||     7
         Dart              |       |       |       |       |     2 ||     2
 Invoke: Convert to Beogh  |       |       |       |     1 |       ||     1
         Smiting           |       |       |       |       |     2 ||     2
         Recall Apostles   |       |       |       |       |     1 ||     1
         Recruit Apostle   |       |       |       |       |     1 ||     1
         Dismiss Apostle   |       |       |       |       |     1 ||     1
  Evoke: Wand              |     1 |    14 |    22 |    38 |    15 ||    90
    Use: Scroll            |     2 |       |    12 |    13 |     5 ||    32
         Potion            |       |       |       |    10 |     7 ||    17
   Stab: Distracted        |     1 |       |     1 |       |     3 ||     5
         Petrified         |       |       |       |     2 |       ||     2
         Held in net/web   |       |       |       |     1 |       ||     1
         Betrayed ally     |       |       |       |     1 |       ||     1
 Armour: Leather armour    |    53 |       |       |       |       ||    53
         Ring mail         |    29 |    68 |    74 |       |       ||   171
         Scale mail        |       |       |   103 |   339 |   148 ||   590
  Dodge: Dodged            |    58 |    52 |   113 |   197 |    93 ||   513
         Repelled          |       |       |       |     1 |     3 ||     4

Table legend: (Time is in decaauts)
 A = Elapsed time spent in this place.
 B = Non-inter-level travel time spent in this place.
 C = Inter-level travel time spent in this place.
 D = Time resting spent in this place.
 E = Time spent auto-exploring this place.
 F = Levels seen in this place.
 G = Mean time per level.
                   A        B        C        D        E       F      G
               +--------+--------+--------+--------+--------+-----+--------+
         Total |  18219 |  17399 |    820 |   3594 |  10574 |  19 |  958.9 |
       Dungeon |  12291 |  11734 |    557 |   2212 |   7356 |  13 |  945.5 |
        Temple |      1 |      1 |      0 |      0 |      0 |   1 |    1.0 |
          Lair |   5926 |   5664 |    262 |   1382 |   3218 |   5 | 1185.2 |
               +--------+--------+--------+--------+--------+-----+--------+

Top non-repeatable levels by time:
  Lair:2: 1685 daAuts
  Lair:3: 1541 daAuts
  Lair:4: 1496 daAuts
     D:9: 1477 daAuts
     D:7: 1340 daAuts
    D:11: 1280 daAuts
    D:10: 1269 daAuts
  Lair:1: 1187 daAuts
     D:6: 1021 daAuts
     D:2: 1020 daAuts
     D:8: 1010 daAuts
     D:5: 949 daAuts
     D:1: 925 daAuts
     D:4: 686 daAuts
     D:3: 680 daAuts
